 Dungeon Crawl Stone Soup version 0.17.0-28-g6e173f8 (webtiles) character file.

100 HolyRage the Firebug (level 4, -1/27 HPs)
             Began as a High Elf Fire Elementalist on Nov 22, 2015.
             Slain by a wight
             ... wielding a cursed +3 dagger of freezing
              (2 damage)
             ... on level 3 of the Dungeon on Nov 23, 2015.
             The game lasted 00:36:18 (3183 turns).

HolyRage the Firebug (High Elf Fire Elementalist)   Turns: 3183, Time: 00:36:21

Health: -1/27      AC:  3    Str:  7    XL:     4   Next: 46%
Magic:  2/10       EV: 12    Int: 19    God:
Gold:   96         SH:  0    Dex: 20    Spells: 3 memorised, 4 levels left

rFire  . . .     SeeInvis .     i - +4 dagger (drain)
rCold  . . .     Clarity  .     j - +0 leather armour
rNeg   . . .     SustAt   .     (no shield)
rPois  .         Gourm    .     (no helmet)
rElec  .         Spirit   .     (no cloak)
rCorr  .         Warding  .     (no gloves)
rMut   .         Stasis   .     (no boots)
MR     .....                    (no amulet)
Stlth  ++........               (no ring)
                                h - +4 ring of dexterity

@: lethally poisoned (-1 -> -4), very slightly contaminated, not resistant to
hostile enchantments, unstealthy
A: no striking features
a: no special abilities


You were on level 3 of the Dungeon.
You were not hungry.

You visited 1 branch of the dungeon, and saw 3 of its levels.

You collected 96 gold pieces.

Inventory:

Hand Weapons
 d - a +1 dagger
 e - a +0 club
 i - a +4 dagger of draining (weapon)
Armour
 a - a +0 robe
 j - a +0 leather armour (worn)
Jewellery
 h - a +4 ring of dexterity (left hand)
Scrolls
 f - 2 scrolls of identify
 k - a scroll of fear
Books
 b - a book of Flames

   Spells                             Type                      Level
   a - Flame Tongue                   Conjuration/Fire             1
   b - Throw Flame                    Conjuration/Fire             2
   c - Conjure Flame                  Conjuration/Fire             3
   d - Inner Flame                    Hexes/Fire                   3
   e - Sticky Flame                   Conjuration/Fire             4
   f - Fireball                       Conjuration/Fire             5
 g - a Fen Folio

   Spells                             Type                      Level
   a - Corpse Rot                     Necromancy                   2
   b - Stone Arrow                    Conjuration/Earth            3
   c - Leda's Liquefaction            Hexes/Earth                  4
   d - Summon Forest                  Summoning/Translocation      5
   e - Hydra Form                     Transmutation                6
   f - Summon Hydra                   Summoning                    7
Comestibles
 c - a bread ration


   Skills:
 - Level 2.1 Dodging
 - Level 2.1 Stealth
 + Level 3.5 Spellcasting
 + Level 2.3 Conjurations
 + Level 4.2 Fire Magic


You had 4 spell levels left.
You knew the following spells:

 Your Spells              Type           Power        Failure   Level  Hunger
a - Flame Tongue          Conj/Fire      ###..        8%          1    None
b - Throw Flame           Conj/Fire      ###...       10%         2    ##.....
c - Conjure Flame         Conj/Fire      ###.....     17%         3    ###....


Dungeon Overview and Level Annotations

Branches:
Dungeon (3/15)

Altars:


Message History

You see here a hobgoblin corpse.
You feel sick.
Read which item? (? for menu, Esc to quit)
As you read the scroll of fear, it crumbles to dust.
You assume a fearsome visage.
The adder looks frightened!
The wight is unaffected. x2
The wight completely misses you.
Cornered, the adder turns to fight!
Casting: Flame Tongue
Confirm with . or Enter, or press ? or * to list all spells.
Aiming: Flame Tongue
Press: ? - help, Shift-Dir - straight line, f - wight, p - wight
Aim: a wight, wielding a dagger of freezing and wearing a robe The flame tongue hits the wight.
The wight is moderately damaged.
You feel sick.
The wight hits you with a dagger of freezing.
* * * LOW HITPOINT WARNING * * *
The wight freezes you.
You die...

##.#.# ......
####..#...
.....#
#....#####.#
.....#
##.##........
o #)###.....
.. #...######
. ###zS# ##z#
#@# #.....#
........#
.........#
##.......##
##.......#
#######.. ##


You could see 2 wights and an adder.

Vanquished Creatures
  3 adders (D:2)
  2 worms (D:2)
  An orc (D:3)
  9 bats
  2 giant cockroaches (D:1)
  7 goblins
  10 hobgoblins
  8 jackals
  12 kobolds
  3 giant newts
  4 rats
61 creatures vanquished.

Notes
Turn   | Place    | Note
--------------------------------------------------------------
     0 | D:1      | HolyRage the High Elf Fire Elementalist began the quest for the Orb.
     0 | D:1      | Reached XP level 1. HP: 11/11 MP: 4/4
   433 | D:1      | Reached XP level 2. HP: 17/17 MP: 4/6
   456 | D:1      | Learned a level 2 spell: Throw Flame
  1298 | D:1      | Reached XP level 3. HP: 21/21 MP: 3/8
  1737 | D:2      | Learned a level 3 spell: Conjure Flame
  2119 | D:2      | Reached skill level 4 in Fire Magic
  2456 | D:2      | Reached XP level 4. HP: 27/27 MP: 3/10
  3183 | D:3      | HP: 1/27 [wight/dagger of freezing (4)]
  3183 | D:3      | Slain by a wight

Action                   |  1- 3 |  4- 6 || total
-------------------------+-------+-------++-------
Melee: Club              |     8 |       ||     8
       Dagger            |    15 |    30 ||    45
 Cast: Flame Tongue      |    28 |     8 ||    36
       Throw Flame       |    38 |    16 ||    54
  Use: Scroll            |     4 |     2 ||     6
  Eat: Chunk             |     6 |     3 ||     9
